[Event "Betsys MČR v online bleskovém šachu 2021"]
[Site "Chess.com"]
[Date "2021.04.17"]
[Round "6"]
[White "VeceraP1973"]
[Black "YoungMegaMind"]
[Result "1/2-1/2"]
[WhiteElo "1921"]
[BlackElo "2215"]
[TimeControl "180+1"]
[EndTime "9:57:54 PDT"]
[Termination "Remíza – nedostatek materiálu"]

1. e4 c6 2. d4 d5 3. exd5 cxd5 4. c4 Nf6 5. Nc3 Nc6 6. Bg5 dxc4 7. Bxc4 e6 8. Nf3 Bb4 9. O-O h6 10. Bh4 Bxc3 11.
bxc3 O-O 12. Re1 a6 13. Qd3 b5 14. Bb3 g6 15. Rad1 Kg7 16. d5 exd5 17. Bxd5 Bf5 18. Qd2 Rc8 19. c4 bxc4 20. Qc3 g5 21. Nxg5 hxg5 22. Bxg5 Nb8 23. Bxf7 Qb6 24. Bd5 Rce8 25. Qg3 Bg6 26. Rxe8 Rxe8 27. Bxc4 Nbd7 28. Bf1 Ne5 29. h4 Nf7 30. Bxf6+ Kxf6 31. Qc3+ Ne5 32. Kh2 Kf7 33. Bc4+ Nxc4 34. Qxc4+ Kf8 35. Qf4+ Kg8 36. g4 Qb8 37. Qxb8 Rxb8 38. Rd6 Bf7 39. Rxa6 Rb2 40. Kg3 Bxa2 41. Ra7 Bd5 42. g5 Bf7 43. Kf4 Rb4+ 44. Ke5 Rxh4 45. f4 Rg4 46. Kf5 Rh4 47. g6 Bxg6+ 48.
Kxg6 Rxf4 49. Ra8+ Rf8 50. Rxf8+ Kxf8 1/2-1/2

[Event "Betsys MČR v online bleskovém šachu 2021"]
[Site "Chess.com"]
[Date "2021.04.17"]
[Round "6"]
[White "Innerz98"]
[Black "matyson523"]
[Result "1-0"]
[WhiteElo "2109"]
[BlackElo "1807"]
[TimeControl "180+1"]
[EndTime "9:57:55 PDT"]
[Termination "Uživatel Innerz98 zvítězil matem"]

1. d4 d5 2. Bf4 e6 3. e3 Nf6 4. Bd3 Bd6 5. Bg3 c5 6. c3 Nc6 7. Nf3 O-O 8. Nbd2 b6 9. Ne5 Bb7 10. f4 Ne7 11. O-O Nf5 12. Bf2 Be7 13. g4 Nd6 14. Bh4 Nfe4 15. Bxe7 Qxe7 16. Nxe4 Nxe4 17.
Qe2 Qh4 18. Rf3 Qe7 19. Rh3 f6 20. Nf3 Qf7 21. Rf1 Qg6 22. Qg2 Rac8 23. Kh1 Qf7 24.
Nd2 f5 25. g5 g6 26. Rh6 Rc7 27. Nf3 cxd4 28. exd4 Qe7 29. Ne5 Qd6 30. h4 Kg7 31. h5 Rh8 32. hxg6 hxg6 33. Rxh8 Kxh8 34. Nxg6+ Kg7 35. Ne5 Rc8 36. Rf3 Rh8+ 37. Kg1 b5 38. Rh3 Qf8 39. Bxb5 a6 40. Bd7 Bc8 41. Ba4 Qd8 42. Nc6 Qf8 43. Ne5 Qd8 44. Bc2 Qf8 45.
g6 Qd8 46. Rh7+ Rxh7 47. gxh7+ Kxh7 48. Qg6+ Kh8 49. Nf7# 1-0

[Event "Betsys MČR v online bleskovém šachu 2021"]
[Site "Chess.com"]
[Date "2021.04.17"]
[Round "6"]
[White "KJ327NR"]
[Black "BetsysBetting"]
[Result "1-0"]
[WhiteElo "2320"]
[BlackElo "1958"]
[TimeControl "180+1"]
[EndTime "9:57:58 PDT"]
[Termination "Uživatel KJ327NR zvítězil na čas"]

1. e4 d6 2. d4 Nf6 3. Nc3 c6 4. a4 Nbd7 5. Nf3 e5 6. Bc4 Be7 7. O-O a5 8. Re1 O-O 9. Bg5 Nh5 10. Bxe7 Qxe7 11. dxe5 dxe5 12. Ne2 Nb6 13. Bb3 Bg4 14. Ng3 Rad8 15. Qe2 Nf4 16. Qe3 Bxf3 17. Qxf3 Rd2 18. Rad1 Rfd8 19. Rxd2 Rxd2 20. Qe3 Qd8 21. Nf5 g6 22.
Ne7+ Kg7 23. Nd5 Qg5 24. Nxf4 exf4 25. Qxd2 h5 26. f3 h4 27. Qd4+ Kh6 28. Qxb6 h3 29. Qf2 hxg2 30. Qxg2 Qh4 31. Rf1 Kg7 32. Qg4 Qh6 33.
e5 b6 34. e6 fxe6 35. Qxe6 Qg5+ 36. Kh1 Qc5 37. Qg8+ Kh6 38. Qh8+ Kg5 39. Rg1+ Kf5 40. Qc3 1-0

[Event "Betsys MČR v online bleskovém šachu 2021"]
[Site "Chess.com"]
[Date "2021.04.17"]
[Round "6"]
[White "phil3"]
[Black "CZMaster666"]
[Result "0-1"]
[WhiteElo "2135"]
[BlackElo "1895"]
[TimeControl "180+1"]
[EndTime "9:57:59 PDT"]
[Termination "Uživatel CZMaster666 zvítězil po vzdání soupeře"]

1. e4 e5 2. Nf3 Nc6 3. Nc3 Nf6 4. d4 exd4 5. Nxd4 Bb4 6. Nxc6 bxc6 7. Bd3 d5 8. exd5 cxd5 9. O-O O-O 10. h3 c6 11. Bf4 Bd6 12. Qf3 Re8 13. Rfe1 Be6 14. Ne2 c5 15. c3 Rb8 16. b3 Qb6 17. Ng3 Bxf4 18. Qxf4 Bd7 19. Bf5 Bc6 20. Bc2 a5 21. Nf5 Re6 22. Qg5 Ne8 23. Rxe6 fxe6 24. Nh6+ Kh8 25. Nf7+ Kg8 26. Qh5 Nf6 27. Nh6+ gxh6 28. Qe5 Kf7 29. Re1 Bd7 30. Re3 Rg8 31. Rf3 Qd8 32.
Bxh7 Rg5 33. Qd6 Qe7 34. Qc7 e5 35. h4 Rg4 36. h5 e4 37. Bg6+ Kg7 38. Rh3 e3 39.
Rxe3 Ne4 40. Bxe4 Rxe4 41. Rg3+ Kh7 42. Qxc5 Re1+ 43. Kh2 Qxc5 0-1

[Event "Betsys MČR v online bleskovém šachu 2021"]
[Site "Chess.com"]
[Date "2021.04.17"]
[Round "6"]
[White "petr812"]
[Black "BRNOTEACHER"]
[Result "1-0"]
[WhiteElo "2148"]
[BlackElo "2336"]
[TimeControl "180+1"]
[EndTime "9:58:00 PDT"]
[Termination "Uživatel petr812 zvítězil po vzdání soupeře"]

1. e4 c6 2. d4 d5 3. exd5 cxd5 4. Nf3 Nc6 5. Nc3 Bg4 6. Be2 e6 7. O-O Bd6 8. Be3 Nge7 9. h3 Bh5 10. Qd2 f6 11.
Bf4 e5 12. dxe5 fxe5 13. Nxe5 Nxe5 14. Bxh5+ g6 15. Bxe5 Bxe5 16. Bf3 Bxc3 17. Qxc3 O-O 18. Rad1 Rc8 19. Qd3 Qa5 20. Rfe1 Rf7 21. Bg4 Nf5 22.
c3 Qxa2 23. Qxd5 Qxd5 24. Rxd5 Rcf8 25. Bxf5 Rxf5 26. Rd7 Rxf2 27. Ree7 Rf1+ 28. Kh2 R8f7 29. Rxb7 Rxe7 30. Rxe7 a5 31. Rb7 Rb1 32. Kg3 a4 33. Rb4 Ra1 34. Kf4 a3 35. bxa3 Rxa3 36. c4 Rc3 37.
Ke4 Rc2 38. g4 Kf7 39. Kd5 Kf6 40. Rb3 Kg5 41. c5 Rd2+ 42. Ke4 Rc2 43. Kd4 Kf6 44.
Rc3 Rd2+ 45. Ke4 Ke7 46. c6 Rd8 47. c7 Rc8 48. Ke5 Kd7 49. Kf6 Rxc7 50. Rxc7+ Kxc7 1-0

[Event "Betsys MČR v online bleskovém šachu 2021"]
[Site "Chess.com"]
[Date "2021.04.17"]
[Round "6"]
[White "jonvon640"]
[Black "JindrichT_CZE"]
[Result "1-0"]
[WhiteElo "1675"]
[BlackElo "2053"]
[TimeControl "180+1"]
[EndTime "9:58:00 PDT"]
[Termination "Uživatel jonvon640 zvítězil po vzdání soupeře"]

1. e4 e5 2. Nf3 Nc6 3. Bc4 Bc5 4. O-O Nf6 5. Nc3 d6 6. h3 O-O 7. d3 h6 8. Be3 Bb6 9. Nd2 Bxe3 10. fxe3 Na5 11. Bb3 Nxb3 12. Nxb3 c6 13. Rf3 d5 14.
exd5 Nxd5 15. Nxd5 cxd5 16. Qf1 Be6 17. d4 e4 18. Rf4 b6 19. c3 Qd6 20. Rf2 f5 21. Qe2 Rf6 22. Raf1 Raf8 23. Nd2 f4 24. exf4 Rxf4 25.
Rxf4 Rxf4 26. Rxf4 Qxf4 27. Qf2 Qg5 28. h4 Qg4 29. g3 Bf5 30. Nf1 Qf3 31. Qxf3 exf3 32.
Kf2 Be4 33. Nd2 Kf7 34. Nxf3 Ke6 35. g4 a5 36. Ne5 g5 37. hxg5 hxg5 38. a3 Bc2 39. b4 axb4 40. cxb4 Bb1 41. Ke3 Be4 42. Kd2 Bg2 43. a4 Bf1 44. a5 bxa5 45. bxa5 Kd6 46.
Nf7+ Kc7 47. Nxg5 Kb7 48. Ne6 Ka6 49. Nc7+ Kxa5 50. Nxd5 Kb5 51. g5 Kc6 52. g6 Bc4 53.
Nf6 Be6 54. g7 Bf7 55. g8=Q Bxg8 56. Nxg8 Kd5 57. Kd3 Kd6 58. Ke3 Kc6 59. Kd3 Kb5 60. Nf6 Ka4 61. Ke4 Ka3 62. d5 Ka2 63. d6 Ka1 64. d7 Kb1 65. d8=Q Ka1 1-0

[Event "Betsys MČR v online bleskovém šachu 2021"]
[Site "Chess.com"]
[Date "2021.04.17"]
[Round "6"]
[White "JohnnyDuck64"]
[Black "sachmaty8"]
[Result "1-0"]
[WhiteElo "2115"]
[BlackElo "1820"]
[TimeControl "180+1"]
[EndTime "9:58:01 PDT"]
[Termination "Uživatel JohnnyDuck64 zvítězil matem"]

1. e4 e6 2. d4 d5 3. Nc3 Bb4 4. e5 c5 5. a3 Bxc3+ 6. bxc3 Ne7 7. Qg4 Kf8 8. Nf3 Nbc6 9. Bd3 Qa5 10. Bd2 Qa4 11.
Ra2 h6 12. O-O Bd7 13. Rb1 Rb8 14. Bb5 Qa5 15. dxc5 a6 16. Bxc6 Nxc6 17. Rab2 Bc8 18. c4 Qxc5 19. cxd5 Qxd5 20. Qf4 Kg8 21. h3 Kh7 22. Qh4 Nxe5 23. Nxe5 Qxe5 24. Bf4 g5 25. Bxe5 gxh4 26. Bxb8 b5 27. Bf4 Rg8 28. f3 Bb7 29. Kf2 Rc8 30. Be3 Bd5 31. Rd1 Rc3 32. Rd3 Rc6 33. Rd4 Rc3 34. Rxh4 Rxa3 35. Bxh6 Kg6 36. Be3 Rc3 37. Rg4+ Kh7 38. Bd4 Rc4 39. c3 Rc8 40. Rg7+ Kh6 41. Rxf7 Bc4 42. Rf6+ Kg5 43. g4 Rh8 44. f4+ Kh4 45. Kg2 Rh7 46. Bf2# 1-0

[Event "Betsys MČR v online bleskovém šachu 2021"]
[Site "Chess.com"]
[Date "2021.04.17"]
[Round "6"]
[White "pkozubik"]
[Black "Danyjel"]
[Result "1-0"]
[WhiteElo "1168"]
[BlackElo "1695"]
[TimeControl "180+1"]
[EndTime "9:58:02 PDT"]
[Termination "Uživatel pkozubik zvítězil na čas"]

1. e4 e5 2. Nf3 Nc6 3. Bb5 a6 4.
Bxc6 dxc6 5. O-O f6 6. d4 exd4 7. Nxd4 Be7 8. Nc3 c5 9. Nf5 Bxf5 10. Qxd8+ Rxd8 11. exf5 Kf7 12. Bf4 Bd6 13. Be3 Ne7 14. g4 h5 15. f3 hxg4 16. fxg4 Bxh2+ 17. Kg2 Bd6 18. Ne4 Rh2+ 19. Kg1 Rxc2 20. Nxd6+ Rxd6 21. Rae1 b6 22. Bc1 Nc6 23. g5 fxg5 24. Bxg5 Rxb2 25. Bf4 Rd7 26. Bg5 Nd4 27. f6 g6 28. Re7+ Rxe7 29.
fxe7+ Nf5 30. Re1 Ke8 31. Bf6 Rxa2 32. Bg5 Ra3 33. Kf2 Ra2+ 34. Kf3 Rh2 35. Kf4 Rf2+ 36. Ke5 Rg2 37. Kf6 Nd6 38. Kxg6 Rc2 39. Kg7 a5 40. Kg8 Nf7 41. Rd1 1-0

[Event "Betsys MČR v online bleskovém šachu 2021"]
[Site "Chess.com"]
[Date "2021.04.17"]
[Round "6"]
[White "Fafin1"]
[Black "starypomalymuz"]
[Result "0-1"]
[WhiteElo "1154"]
[BlackElo "1758"]
[TimeControl "180+1"]
[EndTime "9:58:02 PDT"]
[Termination "Uživatel starypomalymuz zvítězil po vzdání soupeře"]

1. e4 e6 2. Nf3 a6 3. d4 b5 4. c3 Bb7 5. e5 Ne7 6. Bg5 h6 7.
Bh4 c5 8. Be2 cxd4 9. cxd4 Nbc6 10. O-O Qb6 11. Nc3 Nf5 12. Qd3 Ncxd4 13. Nxd4 Qxd4 14. Qxd4 Nxd4 15. Bd3 d5 16. exd6 Bxd6 17. Be4 Bxe4 18. Nxe4 Be7 19. Rfd1 e5 20. Bxe7 Kxe7 21. f3 Rhd8 22. b3 f5 23. Nc5 a5 24. h3 Rac8 25.
Nb7 Ne2+ 26. Kf2 Rxd1 27. Rxd1 Nc3 28. Rd2 a4 29. bxa4 Nxa4 30. Na5 Ke6 31. Nb3 Nc5 32. Nxc5+ Rxc5 33. Rb2 g5 34. a3 Kd6 35. Rd2+ Kc6 36. Rd8 f4 37. Rc8+ Kd5 38. Rxc5+ Kxc5 39. Ke2 Kd4 40.
Kd2 h5 41. Kd1 Ke3 42. Ke1 h4 43. Kf1 e4 44. fxe4 Kxe4 45. Ke2 Ke5 46. Kd3 Kf5 47. Kd4 g4 48. hxg4+ Kxg4 49. Kc5 f3 50. gxf3+ Kxf3 51. Kxb5 h3 52. a4 h2 53. a5 h1=Q 54. a6 Qb1+ 55. Kc6 Qb8 0-1

[Event "Betsys MČR v online bleskovém šachu 2021"]
[Site "Chess.com"]
[Date "2021.04.17"]
[Round "6"]
[White "Filipdol"]
[Black "TerezaRodshtein"]
[Result "1-0"]
[WhiteElo "1894"]
[BlackElo "2165"]
[TimeControl "180+1"]
[EndTime "9:58:03 PDT"]
[Termination "Uživatel Filipdol zvítězil po vzdání soupeře"]

1. e4 c5 2. Nc3 d6 3. f4 Nc6 4.
Nf3 g6 5. d3 Bg7 6. g3 e6 7.
Bg2 Nge7 8. O-O O-O 9. h3 d5 10. Qe1 a6 11. Ne2 b5 12. c3 b4 13. e5 f6 14. d4 fxe5 15. Nxe5 Nxe5 16. dxe5 Rb8 17.
Be3 Qc7 18. Qf2 c4 19. Bd4 Nc6 20. Qe3 Rf7 21. Rf2 Bf8 22. g4 Bd7 23. f5 gxf5 24.
gxf5 Re8 25. f6 Nxd4 26. Nxd4 Bc5 27. Kh1 Kh8 28. Rg1 Rg8 29. Bf3 bxc3 30. Rxg8+ Kxg8 31. bxc3 Bxd4 32. Qxd4 Kh8 33. Bh5 Rf8 34. Rg2 Be8 35. Bxe8 Rxe8 36. Rg7 Qb8 37. Qg1 Rg8 38. h4 d4 39. cxd4 Qa8+ 40. Kh2 Qb8 41. h5 c3 42. h6 c2 43. f7 c1=Q 44. Rxg8+ 1-0

[Event "Betsys MČR v online bleskovém šachu 2021"]
[Site "Chess.com"]
[Date "2021.04.17"]
[Round "6"]
[White "Anyna"]
[Black "DenisaD2008"]
[Result "0-1"]
[WhiteElo "696"]
[BlackElo "967"]
[TimeControl "180+1"]
[EndTime "9:58:06 PDT"]
[Termination "Uživatel DenisaD2008 zvítězil na čas"]

1. d4 d5 2. Nf3 Bf5 3. e3 Nf6 4. Bd3 Bxd3 5. Qxd3 e6 6. O-O Bd6 7. Re1 O-O 8. Nc3 Nbd7 9. e4 dxe4 10. Nxe4 Nxe4 11. Qxe4 Rb8 12. Bg5 Qe8 13. Qg4 f5 14.
Qh3 e5 15. dxe5 Nxe5 16. Nxe5 Bxe5 17. Bf4 Rf6 18. Bxe5 Rh6 19. Qg3 Rg6 20. Qb3+ Kh8 21.
Bxg7+ Rxg7 22. Rxe8+ Rxe8 23. Qxb7 Reg8 24. Qf3 c5 25.
Re1 h6 26. Qh3 Kh7 27. Qxf5+ Kh8 28. Qh3 Kh7 29. Re6 Rg6 30. Rxg6 Rxg6 31. Qd7+ Rg7 32.
Qd3+ Kh8 33. Qd8+ Rg8 34. Qf6+ Kh7 35. f4 Rg6 36. Qf7+ Rg7 37. Qd5 c4 38. Qxc4 a5 39. f5 Kh8 40. Qc8+ Rg8 41. Qe6 Rf8 42. f6 Kh7 43. f7 h5 44. Qf6 a4 45. c4 h4 46. c5 h3 47. c6 hxg2 48. c7 a3 0-1

[Event "Betsys MČR v online bleskovém šachu 2021"]
[Site "Chess.com"]
[Date "2021.04.17"]
[Round "6"]
[White "KdybyNecoTakNic"]
[Black "jachymcarostrelec4"]
[Result "1-0"]
[WhiteElo "2334"]
[BlackElo "1980"]
[TimeControl "180+1"]
[EndTime "9:58:07 PDT"]
[Termination "Uživatel KdybyNecoTakNic zvítězil na čas"]

1. Nf3 d5 2. g3 Nf6 3. Bg2 Bf5 4. O-O e6 5. d3 h6 6. Nbd2 Be7 7. Re1 O-O 8. e4 dxe4 9. dxe4 Nxe4 10. Ne5 Nd6 11.
Nb3 c6 12. Bf4 Nb5 13. Qe2 Nd4 14. Nxd4 Qxd4 15. c3 Qb6 16. Rad1 Bf6 17. Nc4 Qb5 18. Bf1 Na6 19. Qf3 Qa4 20. Nd6 Bg6 21. a3 Nc5 22. Bxh6 Bxc3 23. bxc3 gxh6 24. Qe3 b6 25. Qxh6 Qxa3 26. Bh3 Qxc3 27. Re3 Qg7 28. Qh4 Rfd8 29.
Qf4 Nb7 30. Ree1 Nxd6 31. Rxd6 Rxd6 32. Qxd6 c5 33. Qc6 Qf8 34. Bg2 Rb8 35. h4 Qe8 36. Qf3 a5 37. h5 Bh7 38. Qg4+ Kh8 39. Qg5 Qg8 40. Qe5+ Qg7 41. Qxb8+ Bg8 42. Qxb6 Qc3 43.
Rb1 Qd3 44. Qb8 c4 45. Qb2+ c3 46. Qc1 a4 47. Ra1 a3 48. Rxa3 Qd2 49. Rxc3 1-0

[Event "Betsys MČR v online bleskovém šachu 2021"]
[Site "Chess.com"]
[Date "2021.04.17"]
[Round "6"]
[White "David_Mic"]
[Black "viklan"]
[Result "1-0"]
[WhiteElo "1983"]
[BlackElo "1585"]
[TimeControl "180+1"]
[EndTime "9:58:08 PDT"]
[Termination "Uživatel David_Mic zvítězil na čas"]

1. e4 c5 2. Nf3 d6 3. Bb5+ Nd7 4. c3 a6 5. Ba4 Nf6 6. Bc2 Qc7 7. O-O e5 8. Re1 Be7 9. d4 O-O 10. d5 b5 11.
Nbd2 g6 12. Nf1 Nh5 13. h3 Bf6 14. g4 Nf4 15. Kh2 Bg7 16. Ng3 Nf6 17. Be3 Kh8 18. Qd2 Qe7 19. Bxf4 exf4 20. Qxf4 Nd7 21. Rg1 Ne5 22.
Nxe5 Bxe5 23. Qe3 Qh4 24. Kg2 Bd7 25. f4 Bg7 26. Rh1 Rae8 27. Qf3 b4 28. Rab1 bxc3 29. bxc3 Qf6 30. Rb7 Bc8 31. Rb3 a5 32. Rhb1 Ba6 33. Rb6 Bc4 34. e5 Qd8 35. Rxd6 Qa8 36. Ba4 Rd8 37. Bc6 Qa7 38. Rxd8 Rxd8 39. Rb7 Qa6 40. Rxf7 a4 41. d6 Qxc6 42. Qxc6 Bxf7 43. Qc7 Rf8 44. d7 Bd5+ 45. Kf2 1-0

[Event "Betsys MČR v online bleskovém šachu 2021"]
[Site "Chess.com"]
[Date "2021.04.17"]
[Round "6"]
[White "MatejKopecky13"]
[Black "Milan_Jancek"]
[Result "0-1"]
[WhiteElo "1502"]
[BlackElo "1821"]
[TimeControl "180+1"]
[EndTime "9:58:08 PDT"]
[Termination "Uživatel Milan_Jancek zvítězil po vzdání soupeře"]

1. e4 e6 2. d4 d5 3. Nd2 dxe4 4. Nxe4 Nf6 5. Bd3 Be7 6. Nf3 Nbd7 7. Bg5 O-O 8. O-O h6 9. Be3 b6 10. Qd2 Bb7 11.
Nxf6+ Bxf6 12. Be2 Nc5 13. dxc5 Bxb2 14. Qxd8 Rfxd8 15.
Rab1 Bc3 16. Rb3 Bf6 17. a3 Bd5 18. Rbb1 Ba2 19. Rbd1 Bb2 20. cxb6 axb6 21. Rxd8+ Rxd8 22. a4 Ra8 23. Bb5 Bd5 24. Bd4 Ba3 25. Ne5 f6 26.
Ng6 Kf7 27. Nf4 Be4 28. c4 e5 29. Ne2 exd4 30. Nxd4 Bc5 31. Nc6 Kg8 32. Re1 Bg6 33. Ne7+ Kf7 34. Nxg6 Kxg6 35. g3 Rd8 36. Kg2 Rd2 37.
Rf1 Kf5 38. Bd7+ Kg6 39. Be8+ Kf5 40. Bb5 Ke5 41. Kf3 Kd6 42. Kg2 c6 43. Ba6 Ra2 44.
Rd1+ Kc7 45. Bb5 cxb5 46. axb5 Rc2 47. Re1 Rxc4 48. Re8 Rc2 49. Kh3 Rxf2 50. Rg8 g5 51. Rg7+ Kd6 52. Rh7 Ke6 53. Rxh6 Kf5 54. Rh8 g4+ 0-1

[Event "Betsys MČR v online bleskovém šachu 2021"]
[Site "Chess.com"]
[Date "2021.04.17"]
[Round "6"]
[White "petrgnojek"]
[Black "JJ95"]
[Result "1-0"]
[WhiteElo "2261"]
[BlackElo "2018"]
[TimeControl "180+1"]
[EndTime "9:58:14 PDT"]
[Termination "Uživatel petrgnojek zvítězil na čas"]

1. d4 Nf6 2. c4 g6 3. f3 Bg7 4. e4 d6 5. Nc3 O-O 6. Be3 c5 7. Nge2 Nc6 8. Qd2 a6 9. Rd1 cxd4 10. Nxd4 Nxd4 11. Bxd4 Be6 12. Be2 Rc8 13. b3 Bd7 14.
O-O h5 15. Rfe1 h4 16. Bf1 Be6 17. Nd5 Bxd5 18. exd5 Qd7 19. Re3 Bh6 20. Rxe7 Bxd2 21. Rxd7 Nxd7 22. Rxd2 Rfe8 23. Bf2 g5 24. g3 hxg3 25.
hxg3 Ne5 26. Kg2 g4 27. f4 Nd7 28. Bd3 Nf6 29. Bf5 Rc7 30. Bd4 Ne4 31. Rd1 Rce7 32. Rh1 f6 33. Bxg4 Kg7 34. Bf5 Nc5 35. Rh7+ Kg8 36.
Rxe7 Rxe7 37. Bxc5 dxc5 38. d6 Re2+ 39. Kf3 Rd2 40.
d7 Kf7 41. g4 Ke7 42. g5 fxg5 43. fxg5 Rxa2 44. g6 Rd2 45. Kf4 Rd1 46. Kg5 1-0

[Event "Betsys MČR v online bleskovém šachu 2021"]
[Site "Chess.com"]
[Date "2021.04.17"]
[Round "6"]
[White "TommyLud"]
[Black "Countryside_58"]
[Result "1-0"]
[WhiteElo "2215"]
[BlackElo "2418"]
[TimeControl "180+1"]
[EndTime "9:58:15 PDT"]
[Termination "Uživatel TommyLud zvítězil po vzdání soupeře"]

1. d4 d5 2. c4 Nc6 3. Nf3 e5 4. dxe5 Bb4+ 5. Bd2 dxc4 6. a3 Ba5 7. e3 Be6 8. Qa4 Bxd2+ 9. Nbxd2 a6 10. Nd4 b5 11. Nxe6 fxe6 12. Qd1 Nxe5 13. Qh5+ Nf7 14. Qg4 Qf6 15. O-O-O Ngh6 16. Qf3 O-O 17. Qxf6 gxf6 18. Ne4 Ne5 19. h3 Rf7 20. f4 Nd7 21. Rxd7 Nf5 22. Rxf7 Kxf7 23.
Be2 Nxe3 24. Bh5+ Kg7 25. Re1 Nd5 26. g3 e5 27. fxe5 fxe5 28. Nc5 Nf6 29. Bf3 Re8 30.
Nxa6 e4 31. Bg2 e3 32. Nxc7 Re5 33. g4 h5 34. Bf3 hxg4 35. hxg4 Kg6 36. Rh1 Kg5 37.
Na6 Kf4 38. Be2 Kg3 39. Rf1 Nd5 40. Nb4 Nf4 41. Kd1 Nh3 42. Rf3+ Kg2 43. Rf5 Nf2+ 44. Ke1 Re4 45. g5 Rh4 46. Bf1+ Kg3 47. Ke2 Ng4 48.
Rf3+ Kh2 49. Nc2 Kg1 50. Nxe3 Rh2+ 51. Ke1 Nxe3 52. Rxe3 Rxb2 53. Rg3+ Kh2 54. Rg2+ Kh1 55. Rxb2 1-0

[Event "Betsys MČR v online bleskovém šachu 2021"]
[Site "Chess.com"]
[Date "2021.04.17"]
[Round "6"]
[White "DONSANMIGUEL"]
[Black "conysek"]
[Result "0-1"]
[WhiteElo "1816"]
[BlackElo "2114"]
[TimeControl "180+1"]
[EndTime "9:58:15 PDT"]
[Termination "Uživatel conysek zvítězil na čas"]

1. Nf3 g6 2. a4 Bg7 3. d3 Nf6 4. Nbd2 O-O 5. e3 d5 6. Be2 c5 7. Nf1 Nc6 8. Ng3 e5 9. h3 Re8 10. Nh2 d4 11. e4 Be6 12. b3 Nd7 13. Bd2 b6 14. Qc1 Bh8 15. Ng4 Ne7 16. Bg5 f6 17.
Nxf6+ Nxf6 18. f4 Nc6 19. O-O Rf8 20. f5 Bf7 21. h4 Qd6 22. h5 gxh5 23. Bh6 Bg7 24.
Qg5 Ne8 25. Bxg7 Nxg7 26. f6 Bg6 27. fxg7 Rxf1+ 28. Rxf1 Qe7 29. Rf8+ Rxf8 30. gxf8=Q+ Kxf8 31. Qh6+ Qg7 32. Qg5 Qf7 33. Bxh5 Qf4 34. Qxf4+ exf4 35. Bxg6 hxg6 36. Ne2 g5 37. Kf2 Kg7 38. Ng1 Nb4 39.
Nf3 Kf6 40. Ne1 g4 41. Ke2 Ke5 42. Kd2 Nc6 43. c3 a6 44. Nc2 dxc3+ 45. Kxc3 f3 46. gxf3 gxf3 47. Ne3 f2 48. Nf1 Nd4 0-1

[Event "Betsys MČR v online bleskovém šachu 2021"]
[Site "Chess.com"]
[Date "2021.04.17"]
[Round "6"]
[White "Johanna94"]
[Black "CZpeeeter"]
[Result "1-0"]
[WhiteElo "2062"]
[BlackElo "1730"]
[TimeControl "180+1"]
[EndTime "9:58:15 PDT"]
[Termination "Uživatel Johanna94 zvítězil na čas"]

1. d4 Nf6 2. c4 g6 3. Nf3 Bg7 4. Nc3 d5 5. cxd5 Nxd5 6. Bd2 O-O 7. Rc1 b6 8. e4 Nxc3 9. Bxc3 Bb7 10. Bd3 c5 11.
dxc5 bxc5 12. Bxg7 Kxg7 13. Rxc5 Nd7 14. Rc2 Nf6 15.
Qe2 Qd7 16. O-O Rfd8 17. Bb5 Qe6 18. e5 Nh5 19. Re1 Nf4 20. Qe3 Nd5 21. Qc1 Nb4 22. Rc4 Rac8 23. Rxc8 Rxc8 24. Qf4 Nxa2 25. Ng5 Qf5 26.
Qxf5 gxf5 27. Bd7 Rd8 28. Bxf5 h6 29. Ne4 e6 30. Bg4 Bxe4 31. Rxe4 Rd2 32. b3 Rb2 33. h3 Rxb3 34. Ra4 Nc3 35. Rxa7 Rb1+ 36. Kh2 Nd5 37. Bxe6 Re1 38. Rxf7+ Kg6 39. Bxd5 Rxe5 40. Ba2 Re2 41. Ra7 Kg5 42. Kg3 h5 43. Ra5+ Kg6 44. h4 Rd2 45. Rg5+ Kf6 46. Bd5 Rd3+ 47. f3 Rd4 48. Be4 Rd1 49. Kf4 Rg1 50. Rg6+ Kf7 51.
g4 hxg4 52. Rxg4 Rf1 53. Kg5 Kg7 54. h5 1-0

[Event "Betsys MČR v online bleskovém šachu 2021"]
[Site "Chess.com"]
[Date "2021.04.17"]
[Round "6"]
[White "Ondre2836"]
[Black "Tassa15"]
[Result "0-1"]
[WhiteElo "1233"]
[BlackElo "872"]
[TimeControl "180+1"]
[EndTime "9:58:17 PDT"]
[Termination "Uživatel Tassa15 zvítězil na čas"]

1. e4 d5 2. exd5 Qxd5 3. Nc3 Qd6 4. d4 c6 5. Nf3 Bg4 6. Be3 Nf6 7. h3 Bh5 8. g4 Bg6 9. Bg2 e6 10. Ne5 Nbd7 11.
Nf3 Qc7 12. Qd2 Bd6 13. O-O-O O-O-O 14. Rhe1 a6 15. Ng5 h6 16. Nf3 Qa5 17. Kb1 Bb4 18.
Bf4 Bxc3 19. Qxc3 Qxc3 20. bxc3 Nd5 21. Bd2 N7b6 22. Kb2 Nc4+ 23. Kb3 Ndb6 24. Ne5 Nxe5 25. dxe5 f6 26. exf6 gxf6 27. Rxe6 Rhf8 28. h4 Bh7 29. Ree1 Bg8+ 30. Kb2 Nc4+ 31. Kc1 Nxd2 32. Rxd2 Rd7 33.
Rxd7 Kxd7 34. Kb2 Kc7 35. a4 Rd8 36. Bf3 Rd2 37. Re2 Rd6 38. Re3 Bc4 39. Re7+ Kb6 40.
Rh7 Rd2 41. Rxh6 Rxf2 42. Rxf6 Rh2 43. Rf4 Be6 44. Be2 Rxe2 45. Rf6 Bxg4 46. Rg6 Bf5 47. Rg5 Bxc2 48. h5 Bg6+ 49. Kb3 Bf7+ 50. Ka3 Bc4 0-1

[Event "Betsys MČR v online bleskovém šachu 2021"]
[Site "Chess.com"]
[Date "2021.04.17"]
[Round "6"]
[White "Marcus_Aurelius_CZ"]
[Black "domecek"]
[Result "0-1"]
[WhiteElo "1408"]
[BlackElo "1964"]
[TimeControl "180+1"]
[EndTime "9:58:20 PDT"]
[Termination "Uživatel domecek zvítězil na čas"]

1. e4 c6 2. d4 d5 3. e5 g6 4. Bd3 h5 5. Nf3 Nh6 6. Bxh6 Bxh6 7.
Nbd2 Bf5 8. Bxf5 gxf5 9. Nh4 e6 10. g3 Nd7 11. Ng2 Qb6 12. Nb3 c5 13. dxc5 Nxc5 14. Nxc5 Qxc5 15. O-O Bg7 16. Re1 Rc8 17. c3 Qc7 18.
Qe2 a6 19. Nf4 h4 20. Nh5 Kf8 21. Nxg7 Kxg7 22. Qf3 Qc4 23. gxh4 Qxh4 24. Qg3+ Kf8 25. Qxh4 Rxh4 26. Kg2 Ke7 27. Kg3 Rg4+ 28. Kf3 Rh8 29. Rh1 Rh3+ 30. Ke2 Re4+ 31. Kd2 Rxe5 32. Rae1 Re4 33.
Rxe4 fxe4 34. Ke2 Kf6 35. Kf1 Ke5 36. Kg2 Rh8 37. h4 f5 38. h5 Rh6 39. Kg3 Kf6 40. Kf4 e5+ 41. Ke3 f4+ 42. Ke2 Kf5 43. f3 exf3+ 44. Kxf3 e4+ 45. Ke2 Kg5 46. Rg1+ Kxh5 47. Rg7 Rb6 48. Rf7 Rxb2+ 49. Ke1 Kg4 50. Rg7+ Kf3 51.
c4 dxc4 52. a4 Ke3 53. Kd1 f3 0-1

[Event "Betsys MČR v online bleskovém šachu 2021"]
[Site "Chess.com"]
[Date "2021.04.17"]
[Round "6"]
[White "tomasPardubice"]
[Black "Cimrman"]
[Result "1/2-1/2"]
[WhiteElo "2087"]
[BlackElo "2335"]
[TimeControl "180+1"]
[EndTime "9:58:21 PDT"]
[Termination "Remíza patem"]

1. e4 c6 2. d4 d5 3. exd5 cxd5 4. c4 Nf6 5. Nc3 Nc6 6. Nf3 Bg4 7. cxd5 Nxd5 8.
Qb3 Bxf3 9. gxf3 e6 10. Qxb7 Nxd4 11. Bb5+ Nxb5 12. Qc6+ Ke7 13. Qxb5 Qd7 14. Nxd5+ Qxd5 15. Qxd5 exd5 16. Be3 Ke6 17. Ke2 Bb4 18. Kd3 Rhc8 19. Rhc1 a5 20. Rxc8 Rxc8 21. Rc1 Rb8 22. Rc6+ Kd7 23.
Rc2 Bd6 24. b3 Rb4 25. Bd2 Rb5 26. h3 Bc5 27. Be3 Bxe3 28. fxe3 Kd6 29. Rg2 g6 30.
Kc3 h5 31. f4 Rb8 32. f5 gxf5 33. Rg5 Re8 34. Kd3 Ke5 35. Rxh5 a4 36. bxa4 Rb8 37. Rh7 Rb2 38. Rxf7 Rxa2 39. Ra7 Ra3+ 40. Ke2 Ra2+ 41. Kd3 Rh2 42. a5 Rxh3 43. Kd2 Rh2+ 44. Kd3 Ra2 45. Ra8 Ra3+ 46. Kd2 Ke4 47. Re8+ Kf3 48.
Re5 Ra2+ 49. Kd3 Rxa5 50. Rxf5+ Kg4 51. Rf4+ Kg5 52. Kd4 Ra4+ 53. Ke5 Rxf4 54. exf4+ Kg6 55. f5+ Kf7 56. Kxd5 Kf6 57. Ke4 Kf7 58. Ke5 Ke7 59.
f6+ Kf7 60. Kf5 Kf8 61. Ke6 Ke8 62. f7+ Kf8 63. Kf6 1/2-1/2

[Event "Betsys MČR v online bleskovém šachu 2021"]
[Site "Chess.com"]
[Date "2021.04.17"]
[Round "6"]
[White "tryskomys"]
[Black "jonasstach"]
[Result "0-1"]
[WhiteElo "1521"]
[BlackElo "2009"]
[TimeControl "180+1"]
[EndTime "9:58:21 PDT"]
[Termination "Uživatel jonasstach zvítězil na čas"]

1. e4 e6 2. d4 d5 3. e5 c5 4. c3 Nc6 5. Nf3 Qb6 6. Bd3 Bd7 7.
dxc5 Bxc5 8. Qe2 Qc7 9. O-O Nge7 10. Re1 Ng6 11. Nbd2 Nf4 12. Qf1 Nxd3 13. Qxd3 Ne7 14. Nb3 Bb6 15. Bf4 Ng6 16. Bg3 a6 17. Nbd4 O-O 18. h4 h6 19. h5 Ne7 20. Rad1 Bb5 21.
Nxb5 axb5 22. a3 Qc4 23. Nd4 Bxd4 24. cxd4 Rfc8 25. Qb1 Nf5 26. Kh2 Nxd4 27. Rc1 Qa4 28. Rxc8+ Rxc8 29. Qd3 Nf5 30. Rd1 Qg4 31. Re1 Qxh5+ 32.
Kg1 Nxg3 33. Qxg3 Qf5 34. Qb3 Qc2 35. Qxb5 Qc6 36. Qxc6 Rxc6 37. Re2 Kf8 38. f4 Ke7 39. Kf2 f6 40. Ke3 g5 41. exf6+ Kxf6 42. fxg5+ hxg5 43. Kd4 Rc4+ 44. Kd3 Rg4 45. b4 e5 46. Rc2 Rg3+ 47.
Kd2 Rxa3 48. Rc7 Ra2+ 49. Ke3 b5 50. Rc6+ Kf5 51. Rc5 Ra3+ 52. Ke2 Ra2+ 53. Ke3 d4+ 54. Kf3 Ra3+ 0-1